 Dungeon Crawl Stone Soup version 0.32-a0-871-ge202e49faa (webtiles) character file.

Game seed: 9695649453328332369

268 VictorG the Firebug (level 6, -4/48 HPs)
             Began as a Mountain Dwarf Fire Elementalist on Mar 29, 2024.
             Slain by a lemure (8 damage)
             ... led by Pikel
             ... on level 3 of the Dungeon.
             The game lasted 00:14:24 (3314 turns).

VictorG the Firebug (MDFE)                          Turns: 3314, Time: 00:14:25

Health: -4/48      AC:  8    Str: 10    XL:     6   Next: 0%
Magic:  6/10       EV:  4    Int: 18    God:
Gold:   123        SH:  5    Dex: 10    Spells: 5/11 levels left

rFire   . . .        u - +1 long sword (flame)
rCold   . . .        (no shield)
rNeg    . . .        l - +0 chain mail
rPois   .            (no helmet)
rElec   .            (no cloak)
rCorr   .            (no gloves)
SInv    .            (no boots)
Will    .....        m - amulet of reflection Stlth
                     (no ring)
HPRegen 0.28/turn    (no ring)
MPRegen 0.12/turn

%: reflection
@: no status effects
A: runic magic, artefact enchanting
a: no special abilities


You were on level 3 of the Dungeon.
You visited 1 branch of the dungeon, and saw 4 of its levels.

You collected 123 gold pieces.

Inventory:

Hand Weapons
 u - a +1 long sword of flaming (weapon)
Armour
 a - a +0 robe
 j - a +0 leather armour
 l - a +0 chain mail (worn)
Jewellery
 m - an amulet of reflection (around neck)
Wands
 q - a wand of flame (4)
Scrolls
 c - 3 scrolls of brand weapon {unknown}
 d - a scroll of enchant armour {unknown}
 e - 6 scrolls of identify {unknown}
 f - 2 scrolls of fear {unknown}
 g - a scroll of vulnerability {unknown}
 h - 2 scrolls of noise {unknown}
 i - 2 scrolls of revelation {unknown}
 n - 2 scrolls of enchant weapon {unknown}
 o - 2 scrolls of teleportation {unknown}
Potions
 b - a potion of magic
 k - a potion of mutation {unknown}
 p - a potion of invisibility {unknown}
 r - a potion of haste {unknown}
 s - a potion of curing {unknown}
 t - a potion of enlightenment {unknown}


   Skills:
 + Level 2.0 Fighting
 + Level 0.0 Long Blades
 * Level 2.5 Armour
 - Level 1.3 Dodging
 - Level 1.4 Stealth
 * Level 3.0 Spellcasting
 + Level 2.0 Conjurations
 + Level 0.4 Translocations
 * Level 5.2 Fire Magic


You had 5 spell levels left.
You knew the following spells:

 Your Spells              Type           Power      Damage    Failure   Level
a - Foxfire               Conj/Fire      60%        2x1d7     10%         1
b - Scorch                Fire           42%        2d6       7%          2
c - Volatile Blastmotes   Fire/Tloc      24%        2d12      36%         3

Your spell library contained the following spells:

 Spells                   Type           Power      Damage    Failure   Level
 Necrotise                Necr           8%         1d4       38%         1
 Inner Flame              Hex/Fire       12%        N/A       38%         3
 Flame Wave               Conj/Fire      15%        2d7       67%         4
 Vampiric Draining        Necr           2%         2d6       77%         3
 Martyr's Knell           Necr/Summ      2%         N/A       99%         4
 Curse of Agony           Necr           2%         N/A       100%        5


Dungeon Overview and Level Annotations

Branches:
Dungeon (4/15)
 Temple: D:4-7

Altars:
Yredelemnul

Shops:
D:3 :

Annotations:
D:4 1 transporter, Pikel; Swamplord's ghost, amateur DEWr


Innate Abilities, Weirdness & Mutations

Your spellcasting is much less encumbered by armour.
You can use scrolls of enchantment on lesser artefacts.


Message History

The lemure attacks as it pursues you! The lemure hits you.
You hit the lemure but do no damage.
The lemure is moderately wounded.
The lemure hits you but does no damage. You block the lemure's attack.
You slash the lemure! You burn the lemure.
The lemure is heavily wounded.
The lemure barely misses you.
You hit the lemure. You burn the lemure.
The lemure is severely wounded.
The lemure hits you but does no damage.
You slash the lemure! You burn the lemure.
You kill the lemure!
That felt strangely unrewarding.
Casting: Scorch (safe; 7% risk of failure)
Confirm with . or Enter, or press ? or * to list all spells.
Flames lash the lemure.
The lemure is heavily wounded.
The lemure's fire resistance burns away.
The lemure hits you.
You closely miss the lemure.
The lemure is heavily wounded.
The lemure hits you! The lemure hits you but does no damage.
You miss the lemure.
The lemure is heavily wounded.
The lemure hits you.
* * * LOW HITPOINT WARNING * * *
You barely miss the lemure.
The lemure is heavily wounded.
The lemure is no longer more vulnerable to fire.
The lemure hits you.
* * * LOW HITPOINT WARNING * * *
The lemure hits you.
* * * LOW HITPOINT WARNING * * *
Casting: Scorch (safe; 7% risk of failure)
Confirm with . or Enter, or press ? or * to list all spells.
Flames lash the lemure.
The lemure is severely wounded.
The lemure's fire resistance burns away.
The lemure hits you!
You die...

...♣..♣##.>................#.....
♣♣♣♣.♣♣ #.#..............#.#.....
♣.♣...# #.##.....[......##.#..[..
.♣..♣.###.##........###.##.##....
♣♣♣.#...#.##.......## #.#........
.##.).#...###..##...###......####
...##.###......#..#.##...###..#
##.##.###.#.......#.....## ##.###
#.##.##..#....#@##..##..####...#
#.##.##.####..#5#...............
#.##.##.# #<................#..
#.##.##.# ###..).#)..........##.
#..#.##.###.....#............#..
##.#....##..#.#..............#..
#...#..#..#..###............#..
###.#....##.## #......<...###..
#.#...###.# #...............


You could see a lemure (combustible).

Vanquished Creatures
  A lemure (D:3)
  A hound (D:4)
  An iguana (D:4)
  Jessica (D:2)
  2 orc wizards
  Terence (D:2)
  2 adders (D:2)
  2 adder zombies (D:3)
  4 dart slugs
  A ribbon worm (D:3)
  7 orcs
  6 bats
  6 endoplasms
  3 giant cockroaches
  3 hobgoblins
  8 jackals
  3 kobolds
  4 quokkas
  2 ball pythons
  A ball python zombie (D:3)
  A frilled lizard (D:3)
  5 goblins
  2 rats
67 creatures vanquished.

Vanquished Creatures (others)
  91 foxfires
91 creatures vanquished.

Grand Total: 158 creatures vanquished

Notes
Turn   | Place    | Note
-------+----------+-------------------------------------------
     0 | D:1      | VictorG the Mountain Dwarf Fire Elementalist began the
                  | quest for the Orb.
     0 | D:1      | Reached XP level 1. HP: 14/14 MP: 3/3
   284 | D:1      | Reached skill level 1 in Conjurations
   328 | D:1      | Reached XP level 2. HP: 15/22 MP: 1/5
   614 | D:1      | Reached skill level 4 in Fire Magic
   836 | D:1      | Learned a level 2 spell: Scorch
  1034 | D:2      | Noticed Jessica
  1037 | D:2      | Reached skill level 1 in Armour
  1042 | D:2      | Killed Jessica
  1043 | D:2      | Reached skill level 1 in Fighting
  1043 | D:2      | Reached XP level 3. HP: 25/28 MP: 0/6
  1449 | D:2      | You fall into a shaft and drop 2 floors!
  1690 | D:2      | Reached XP level 4. HP: 35/35 MP: 1/7
  1755 | D:2      | Noticed Terence
  1819 | D:2      | Killed Terence
  2143 | D:3      | Found Maoqix's Book Shoppe.
  2551 | D:3      | Reached XP level 5. HP: 39/41 MP: 1/9
  2718 | D:3      | Found a basalt altar of Yredelemnul.
  2826 | D:3      | Learned a level 3 spell: Volatile Blastmotes
  2886 | D:4      | Reached skill level 5 in Fire Magic
  3038 | D:4      | Found a transporter.
  3082 | D:4      | Noticed Swamplord's ghost (amateur DEWr)
  3155 | D:4      | Reached XP level 6. HP: 37/48 MP: 1/10
  3278 | D:4      | Noticed Pikel
  3314 | D:3      | Slain by a lemure

Illustrated notes

Levels and vault maps discovered:
D:1:      dpeg_arrival_concentric_ovals, layout_basic
D:2:      layout_loops_ring, uniq_jessica, uniq_terence
D:3:      layout_rooms, nicolae_yredelemnul_corpse_copse, serial_shops,
          nicolae_book_shop_shelving
D:4:      layout_basic, gammafunk_ghost_arena, dk_noncrumbling_3, minivault_14,
          uniq_edmund, uniq_pikel

Skill      XL: |  1  2  3  4  5 |
---------------+----------------+-----
Conjurations   | 1 2 |  2.0
Spellcasting   | 2 3 |  3.0
Fire Magic     | 4 5 |  5.2
Armour         | 1 2 |  2.5
Fighting       | 1 2 |  2.0
Dodging        | |  1.3
Stealth        | |  1.4
Translocations | |  0.4

Action                     |  1- 3 |  4- 6 || total
---------------------------+-------+-------++-------
  Melee: Unarmed           |     4 |       ||     4
         Club              |    10 |       ||    10
         Short sword       |    13 |   142 ||   155
         Long sword        |       |    20 ||    20
   Cast: Foxfire           |    38 |    16 ||    54
         Scorch            |     6 |    30 ||    36
    Use: Potion            |       |     5 ||     5
   Stab: Sleeping          |     2 |       ||     2
 Armour: Robe              |     7 |       ||     7
         Leather armour    |     7 |    14 ||    21
         Chain mail        |       |   151 ||   151
         Skin              |       |    27 ||    27
  Dodge: Dodged            |    19 |    32 ||    51
  Block: Other             |       |    34 ||    34
         Reflection        |       |     1 ||     1

Table legend: (Time is in decaauts)
 A = Elapsed time spent in this place.
 B = Non-inter-level travel time spent in this place.
 C = Inter-level travel time spent in this place.
 D = Time resting spent in this place.
 E = Time spent auto-exploring this place.
 F = Levels seen in this place.
 G = Mean time per level.
                   A        B        C        D        E       F      G
               +--------+--------+--------+--------+--------+-----+--------+
         Total |   3328 |   3273 |     55 |    670 |   1790 |   4 |  832.0 |
       Dungeon |   3328 |   3273 |     55 |    670 |   1790 |   4 |  832.0 |
               +--------+--------+--------+--------+--------+-----+--------+

Top non-repeatable levels by time:
     D:2: 1153 daAuts
     D:1: 1036 daAuts
     D:3: 659 daAuts
     D:4: 479 daAuts
